 Dungeon Crawl Stone Soup version 0.24-a0-123-ga2403f3 (webtiles) character file.

Game seed: 9001191819340586470

95 RoseArtemis the Ruffian (level 4, 0/45 HPs)
             Began as a Troll Monk on Feb 22, 2019.
             Splashed by Ijyb's acid (15 damage)
             ... on level 3 of the Dungeon.
             The game lasted 00:03:04 (1378 turns).

RoseArtemis the Ruffian (Troll Monk)                Turns: 1378, Time: 00:03:05

Health: 0/45       AC:  2    Str: 20    XL:     4   Next: 40%
Magic:  3/3        EV: 16    Int:  6    God:
Gold:   100        SH:  0    Dex: 17    Spells: 3/3 levels left

rFire    . . .     SeeInvis .     - Unarmed
rCold    . . .     Gourm    +   (no shield)
rNeg     . . .     Faith    .   a - +0 robe
rPois    .         Spirit   .   (helmet restricted)
rElec    .         Reflect  .   (no cloak)
rCorr    .         Harm     .   (gloves unavailable)
MR       .....                  (boots unavailable)
Stlth    +++.......             (no amulet)
HPRegen  0.55/turn              (no ring)
MPRegen  0.08/turn              (no ring)

@: agile, corroded
A: large, unfitting armour, claws 3, fast metabolism 3, gourmand, regeneration
1, shaggy fur 1, tough skin 3
a: no special abilities


You were on level 3 of the Dungeon.
You were completely stuffed.

You visited 1 branch of the dungeon, and saw 3 of its levels.

You collected 100 gold pieces.

Inventory:

Armour
 a - a +0 robe (worn)
Scrolls
 c - a scroll of amnesia
 e - 3 scrolls of remove curse
 m - a scroll of immolation {unknown}
 n - a scroll of enchant armour {unknown}
Potions
 d - 2 potions of mutation
 g - a potion of cancellation {unknown}
 i - a potion of might {unknown}
 j - a potion of ambrosia {unknown}
 k - a potion of curing {unknown}
 l - a potion of resistance {unknown}
Comestibles
 b - 7 rations
 h - 2 chunks of flesh


   Skills:
 + Level 3.0 Fighting
 + Level 3.0 Dodging
 - Level 1.5 Stealth
 * Level 3.7 Unarmed Combat


You had 3 spell levels left.
You didn't know any spells.
Your spell library contained the following spells:

 Spells                   Type           Power        Failure   Level  Hunger
 Magic Dart               Conj           #...         45%         1    ##.....
 Blink                    Tloc           N/A          58%         2    ###....
 Call Imp                 Summ           #.......     58%         2    ###....
 Slow                     Hex            #.......     58%         2    ###....
 Conjure Flame            Conj/Fire      #.......     83%         3    ####...
 Mephitic Cloud           Conj/Pois/Air  #.......     83%         3    ####...


Dungeon Overview and Level Annotations

Branches:
Dungeon (3/15)

Altars:

Annotations:
D:3 Ijyb


Innate Abilities, Weirdness & Mutations

You are too large for most types of armour.
You have claws for hands.
Your metabolism is lightning-fast.
You like to eat raw meat.
Your natural rate of healing is unusually fast.
You are covered in fur. (AC +1)
You have extremely tough skin. (AC +3)


Message History

You completely miss Ijyb. Ijyb closely misses you.
You claw Ijyb! Ijyb closely misses you.
You scratch Ijyb. You closely miss Ijyb. Ijyb hits you but does no damage.
You closely miss Ijyb. Ijyb hits you with a +3 club.
You scratch Ijyb but do no damage. Ijyb hits you with a +3 club.
You miss Ijyb.
Ijyb zaps a wand.
The bolt of acid hits you.
You are splashed with acid!
You closely miss Ijyb. Ijyb misses you.
You scratch Ijyb.
A goblin comes into view.
Ijyb barely misses you.
You closely miss Ijyb. You closely miss Ijyb. Ijyb hits you but does no damage.
You closely miss Ijyb. Ijyb screams, "I no like you!"
Ijyb zaps a wand.
The bolt of acid hits you!
* * * LOW HITPOINT WARNING * * *
The acid corrodes you!
You are splashed with acid!
You die...

... #### .. #####..#
..########......# .
................ #.#
..###..............#
..$.......####..#####..#
....(####.........# #..#
#........######.###..#
#.##.@..#######......#
......g##......#####....
......# ######..........
...... ###..........
....w .............
..... ###......... ....
#......... ....
#####.#### #.#


You could see Ijyb and a worm.

Vanquished Creatures
  A crimson imp (D:2)
  An adder (D:2)
  2 worms
  4 leopard geckos (D:2)
  5 giant cockroaches
  6 goblins
  6 hobgoblins
  A ball python (D:2)
  5 bats
  4 frilled lizards (D:1)
  2 kobolds (D:2)
  5 rats
42 creatures vanquished.

Notes
Turn   | Place    | Note
-------+----------+-------------------------------------------
     0 | D:1      | RoseArtemis the Troll Monk began the quest for the Orb.
     0 | D:1      | Reached XP level 1. HP: 22/22 MP: 0/0
   176 | D:1      | Reached XP level 2. HP: 29/29 MP: 1/1
   737 | D:2      | Reached XP level 3. HP: 36/36 MP: 2/2
   853 | D:2      | Reached XP level 4. HP: 41/45 MP: 3/3
  1358 | D:3      | Noticed Ijyb
  1378 | D:3      | Splashed by Ijyb's acid

Levels and vault maps discovered:
D:1:      minmay_arrival_semitransparent, layout_loops_ring,
          grunt_decor_fettered, serial_bayou_pond_d
D:2:      layout_loops_ring
D:3:      layout_rooms, guppyfry_early_orc_mine, uniq_grinder, uniq_ijyb

Skill      XL: |  1  2  3  4 |
---------------+-------------+-----
Fighting       | 3 |  3.0
Dodging        | 3 |  3.0
Stealth        | |  1.5
Unarmed Combat | |  3.7

Action                   |  1- 3 |  4- 6 || total
-------------------------+-------+-------++-------
Melee: Unarmed           |    93 |    47 ||   140
  Use: Scroll            |     4 |     1 ||     5
       Potion            |       |     1 ||     1
 Stab: Sleeping          |     2 |     4 ||     6
  Eat: Chunk             |    13 |     5 ||    18
Armor: Robe              |    42 |     9 ||    51
Dodge: Dodged            |    42 |    19 ||    61

Table legend:
 A = Non-vault XP
 B = Vault XP
 C = Vault XP percentage of total XP
 D = Non-vault monster count
 E = Vault monster count
 F = Vault count percentage of total count
                 A         B        C        D         E       F
            +---------+---------+-------+---------+---------+-------
      Total |     137 |       0 |   0.0 |      42 |       0 |   0.0
            +---------+---------+-------+---------+---------+-------
        D:1 |      27 |       0 |   0.0 |      17 |       0 |   0.0
        D:2 |     105 |       0 |   0.0 |      24 |       0 |   0.0
        D:3 |       5 |       0 |   0.0 |       1 |       0 |   0.0
            +---------+---------+-------+---------+---------+-------
